 Dungeon Crawl Stone Soup version 0.17-a0-1646-geb1493d (webtiles) character file.

145 LilCorpsy the Cudgeler (level 5, -1/41 HPs)
             Began as a Demonspawn Gladiator on Aug 10, 2015.
             Succumbed to poison (a potion of poison)
             ... on level 3 of the Dungeon.
             The game lasted 00:13:04 (3783 turns).

LilCorpsy the Cudgeler (Demonspawn Gladiator)       Turns: 3783, Time: 00:13:04

Health: -1/41      AC:  8    Str: 20    XL:     5   Next: 6%
Magic:  4/4        EV: 13    Int:  9    God:
Gold:   210        SH:  0    Dex: 19    Spells: 0 memorised, 4 levels left

rFire  . . .     SeeInvis .     q - +0 whip
rCold  + . .     Clarity  .     b - +0 leather armour
rNeg   . . .     SustAt   .     (no shield)
rPois  .         Gourm    .     (helmet restricted)
rElec  .         Spirit   .     (no cloak)
rCorr  .         Warding  .     (no gloves)
rMut   .         Stasis   .     (no boots)
MR     .....                    (no amulet)
Stlth  +.........               u - +5 ring of protection
                                l - +2 ring of dexterity

@: mighty, lethally poisoned (-1 -> -14), flying, not resistant to hostile
enchantments, very unstealthy
A: antennae 1, agile 1, cold resistance 1, low mp 1
a: no special abilities


You were on level 3 of the Dungeon.
You were not hungry.

You visited 1 branch of the dungeon, and saw 3 of its levels.

You collected 210 gold pieces.

Inventory:

Hand weapons
 a - a +0 flail
 q - a +0 whip (weapon)
Missiles
 d - 3 throwing nets (quivered)
Armour
 b - a +0 leather armour (worn)
 c - a +0 helmet
Jewellery
 l - a +2 ring of dexterity (left hand)
 u - a +5 ring of protection (right hand)
Magical devices
 e - a wand of confusion (8)
Scrolls
 g - 4 scrolls of random uselessness {unknown}
 h - 4 scrolls of identify {unknown}
 i - a scroll of fog {unknown}
 k - 2 scrolls of blinking {unknown}
 n - a scroll of amnesia {unknown}
 p - 2 scrolls of remove curse {unknown}
Potions
 f - a potion of flight
 j - a potion of resistance
 m - 2 potions of lignification
Comestibles
 o - 2 bread rations


   Skills:
 + Level 3.2 Fighting
 * Level 4.6 Maces & Flails
 - Level 1.7 Throwing
 - Level 2.6 Dodging


You had 4 spell levels left.
You didn't know any spells.

Dungeon Overview and Level Annotations

Branches:
Dungeon (3/15)

Altars:


Innate Abilities, Weirdness & Mutations

Your flesh is cold resistant.
You have a pair of small antennae on your head.
You are agile. (Dex +2)
Your magical capacity is low (-10% MP).


Message History

The orc closely misses you.
The orc priest hits you but does no damage.
You barely miss the orc priest.
The orc priest is moderately wounded.
The orc hits you from afar with a trident!
* * * LOW HITPOINT WARNING * * *
The orc priest closely misses you.
It was a potion of flight.
You feel very buoyant.
You fly up into the air.
The orc completely misses you. The orc priest barely misses you.
It was a potion of mutation.
You feel extremely strange.
You feel agile. A pair of antennae grows on your head!
Your +0 helmet falls away!
You feel less energetic. The orc hits you but does no damage.
It was a potion of poison.
That liquid tasted very nasty...
You are lethally poisoned!
You die...

....+.>.# #.# ....###.#
#.# ....###.# #.#
....'.#.# #.# ....#.#.#
#.# ....#.#.# #.#
....#.#.# #o# #####.#.#
#o# #.#.# #@#
#####.#.##### #.#
............# #.########
............####.........
................[########
.................†......#
............####.######.#
............# #.# ..
............# #.# .#


You could see an orc priest and an orc.

Vanquished Creatures
  An orc wizard (D:3)
  4 adders (D:3)
  2 worms
  9 orcs (D:3)
  5 bats
  2 giant cockroaches
  14 goblins
  4 hobgoblins
  2 quokkas (D:3)
  A ball python (D:1)
  3 giant newts
  7 jackals
  6 kobolds
  8 rats
68 creatures vanquished.

Notes
Turn   | Place    | Note
--------------------------------------------------------------
     0 | D:1      | LilCorpsy the Demonspawn Gladiator began the quest for the Orb.
     0 | D:1      | Reached XP level 1. HP: 16/16 MP: 1/1
   350 | D:1      | Reached skill level 3 in Maces & Flails
   373 | D:1      | Gained mutation: Your flesh is cold resistant. [demonic ancestry]
   373 | D:1      | Reached XP level 2. HP: 19/22 MP: 2/2
  1085 | D:2      | Reached XP level 3. HP: 28/28 MP: 3/3
  2530 | D:3      | Reached skill level 4 in Maces & Flails
  2539 | D:3      | Reached XP level 4. HP: 25/34 MP: 4/4
  3683 | D:3      | Reached XP level 5. HP: 30/41 MP: 5/5
  3780 | D:3      | HP: 1/41 [orc/trident (10)]
  3782 | D:3      | Gained mutation: You are agile. (Dex +2) [potion of mutation]
  3782 | D:3      | Gained mutation: You have a pair of small antennae on your head. [potion of mutation]
  3782 | D:3      | Gained mutation: Your magical capacity is low (-10% MP). [potion of mutation]
  3783 | D:3      | Succumbed to poison (a potion of poison)

Vault maps used:
D:1:      lightli_arrival_isolated_outpost, serial_curves, eino_curves_02,
          eino_curves_02

Action                   |  1- 3 |  4- 6 || total
-------------------------+-------+-------++-------
Melee: Flail             |   172 |     4 ||   176
       Whip              |       |   146 ||   146
  Use: Potion            |     5 |     4 ||     9
  Eat: Bread ration      |     1 |       ||     1
       Meat ration       |       |     1 ||     1
